 Dungeon Crawl Stone Soup version 0.29-a0-231-g945431f764 (webtiles) character file.

Game seed: 6302522870622764594

198 testman the Bolt Thrower (level 6, -11/39 HPs)
             Began as a Kobold Hunter on Feb 28, 2022.
             Was a Believer of Dithmenos.
             Mangled by an orc warrior
             ... wielding a +0 mace
              (16 damage)
             ... on level 4 of the Dungeon.
             The game lasted 00:08:05 (3002 turns).

testman the Bolt Thrower (Kobold Hunter)            Turns: 3002, Time: 00:08:05

Health: -11/39     AC:  4    Str: 10    XL:     6   Next: 6%
Magic:  16/16      EV: 15    Int: 12    God:    Dithmenos [**....]
Gold:   95         SH:  0    Dex: 23    Spells: 4/5 levels left

rFire   + . .      SeeInvis .   a - +1 hand crossbow
rCold   . . .      Faith    .   (no shield)
rNeg    . . .      Spirit   .   k - +2 robe {rF+}
rPois   .          Reflect  .   (no helmet)
rElec   .          Harm     .   f - scarf {+Inv}
rCorr   .          Rampage  .   (no gloves)
Will    .....                   (no boots)
Stlth   +++.......              (no amulet)
HPRegen 0.13/turn               e - +6 ring of dexterity
MPRegen 0.15/turn               b - ring of magical power

@: confused, wreathed by umbra
A: small, no large weapons, nightstalker 3
a: Renounce Religion, Evoke Invisibility, Shadow Step


You were on level 4 of the Dungeon.
You worshipped Dithmenos.
Dithmenos was pleased with you.
You visited 1 branch of the dungeon, and saw 4 of its levels.

You collected 95 gold pieces.

Inventory:

Hand Weapons
 a - a +1 hand crossbow (weapon)
Armour
 f - a scarf of invisibility (worn)
 k - a +2 robe of fire resistance (worn)
Jewellery
 b - a ring of magical power (right hand)
 e - a +6 ring of dexterity (left hand)
Scrolls
 c - 2 scrolls of amnesia {unknown}
 d - a scroll of blinking {unknown}
 g - a scroll of vulnerability {unknown}
 h - a scroll of teleportation {unknown}
 i - 3 scrolls of immolation {unknown}
 j - a scroll of torment {unknown}
 l - a scroll of summoning {unknown}
Potions
 m - a potion of cancellation {unknown}
 n - a potion of berserk rage {unknown}
 o - a potion of flight {unknown}


   Skills:
 + Level 4.3 Fighting
 + Level 7.0 Crossbows
 - Level 2.4 Dodging
 - Level 1.3 Stealth
 + Level 2.3 Invocations


You had 4 spell levels left.
You knew the following spells:

 Your Spells              Type           Power      Damage    Failure   Level
a - Apportation           Tloc           0%         N/A       32%         1

Your spell library contained the following spells:

 Spells                   Type           Power      Damage    Failure   Level
 Alistair's Intoxication  Tmut/Pois      0%         N/A       100%        5


Dungeon Overview and Level Annotations

Branches:
Dungeon (4/15)
 Temple: D:4-7

Altars:
Dithmenos
Hepliaklqana
Qazlal
Xom

Annotations:
D:3 3 runed translucent doors, 14MN0B0DY's ghost, weakling MiBe; CraigForest's ghost, amateur TeWz; Esekla's ghost, weakling FoIE; domi's ghost, amateur DsWz


Innate Abilities, Weirdness & Mutations

You are small and have problems with some larger weapons.
You are completely attuned to the shadows.


Message History

You shoot a bolt. The bolt hits the orc wizard.
The orc wizard shouts!
The orc wizard is moderately wounded.
An orc wizard comes into view. It is wielding a +0 dagger.
A giant cockroach comes into view.
You shoot a bolt. The orc wizard shouts!
The bolt hits the orc wizard but does no damage.
The orc wizard is moderately wounded.
An orc warrior comes into view. It is wielding a +0 mace.
You shoot a bolt. The bolt hits the orc wizard!
The orc wizard is severely wounded.
The orc wizard hits you but does no damage.
You shoot a bolt.
The bolt completely misses the orc wizard.
The bolt misses the orc wizard.
The orc wizard misses you.
You shoot a bolt.
The bolt barely misses the orc wizard. x2
The orc wizard casts a spell.
The orc wizard flickers and vanishes!
Deactivating autopickup; reactivate with Ctrl-A.
The orc wizard closely misses you.
You shoot a bolt. The bolt closely misses the orc wizard.
The orc wizard casts a spell.
The orc wizard flickers and vanishes!
You shoot a bolt. Something barely misses you. Something hits you.
You shoot a bolt. The bolt barely misses the orc warrior.
You shoot a bolt.
The bolt hits the orc warrior but does no damage.
The orc warrior hits you with a +0 mace!
You shoot a bolt. The bolt hits the orc warrior.
The orc warrior is lightly wounded.
The orc warrior hits you with a +0 mace!
* * * LOW HITPOINT WARNING * * *
You are confused.
The orc warrior barely misses you.
The orc warrior hits you with a +0 mace!
* * * LOW HITPOINT WARNING * * *
You bump into the rock wall.
The orc warrior hits you with a +0 mace!
You die...

#######.#####)####
#.#
#######.#........#
#.#
#.....#..>....##.#
#.#
#.###.###<######.#
#.# ..#
#............### #.#
..###.##########...#
#.# #.....# #.#.##
#.# ####### #....##
#.# ####@....#####.#
#....o......##.#
#.##.....##.##.# #
#>....##.##.#
#B#.#.##.##.#
#...#.##..).# ###.#
#.#### #.# #.# B.#
#.#


You could see an orc warrior and a giant cockroach (wandering).

Vanquished Creatures
  An orc priest (D:3)
  A jelly (D:4)
  Jessica (D:2)
  5 adders
  A worm (D:2)
  A dart slug (D:1)
  6 orcs
  4 bats (D:3)
  4 endoplasms
  A giant cockroach (D:1)
  2 goblins
  5 hobgoblins
  3 jackals (D:2)
  2 quokkas
  6 ball pythons
  3 frilled lizards
  5 kobolds
  6 rats
57 creatures vanquished.

Vanquished Creatures (others)
  2 plants (D:2)
  2 withered plants (D:3)
4 creatures vanquished.

Grand Total: 61 creatures vanquished

Notes
Turn   | Place    | Note
-------+----------+-------------------------------------------
     0 | D:1      | testman the Kobold Hunter began the quest for the Orb.
     0 | D:1      | Reached XP level 1. HP: 12/12 MP: 1/1
    79 | D:1      | Reached XP level 2. HP: 18/18 MP: 2/2
   390 | D:1      | Found a faded altar of an unknown god.
   395 | D:1      | Prayed at the altar of an unknown god.
   395 | D:1      | Became a worshipper of Dithmenos the Shadowed
   395 | D:1      | Reached * piety under Dithmenos
   416 | D:1      | Learned a level 1 spell: Apportation
   814 | D:2      | Found a shimmering altar of Xom.
   924 | D:2      | Reached XP level 3. HP: 22/22 MP: 3/3
  1198 | D:2      | Noticed Jessica
  1200 | D:2      | Killed Jessica
  1201 | D:2      | Reached skill level 6 in Crossbows
  1201 | D:2      | Reached XP level 4. HP: 27/28 MP: 4/4
  1760 | D:3      | Reached skill level 1 in Invocations
  1760 | D:3      | Reached XP level 5. HP: 28/33 MP: 6/6
  1952 | D:3      | Found a runed translucent gate.
  1953 | D:3      | Found a runed translucent gate.
  1953 | D:3      | Noticed Esekla's ghost (weakling FoIE)
  1954 | D:3      | Found a runed translucent gate.
  1956 | D:3      | Noticed domi's ghost (amateur DsWz)
  2049 | D:3      | Reached ** piety under Dithmenos
  2532 | D:3      | Found a faded altar of an unknown god.
  2533 | D:3      | Found a stormy altar of Qazlal.
  2668 | D:3      | Found a hazy altar of Hepliaklqana.
  2797 | D:3      | Noticed CraigForest's ghost (amateur TeWz)
  2797 | D:3      | Noticed 14MN0B0DY's ghost (weakling MiBe)
  2848 | D:4      | Reached skill level 7 in Crossbows
  2848 | D:4      | Reached XP level 6. HP: 39/39 MP: 7/7
  2985 | D:4      | Noticed an orc warrior
  3002 | D:4      | Mangled by an orc warrior

Illustrated notes

Levels and vault maps discovered:
D:1:      ebering_trefoil_twist, layout_loops_ring,
          ebering_ecumenical_altar_rust, serial_bayou_pond_b,
          minmay_pentomino_p4
D:2:      layout_basic, basic_altar, serial_bayou_pond_b, uniq_jessica
D:3:      layout_loops_ring, old_standard_altar,
          nicolae_overflow_ecumenical_swirl, gammafunk_ghost_cemetery,
          minmay_misc_feat_columns, grunt_decor_resistance
D:4:      layout_loops_ring, kennysheep_generic_room_13

Skill      XL: |  1  2  3  4  5 |
---------------+----------------+-----
Fighting       | 3 4 |  4.3
Crossbows      | 6 7 |  7.0
Invocations    | 1 2 |  2.3
Dodging        | |  2.4
Stealth        | |  1.3

Action                   |  1- 3 |  4- 6 || total
-------------------------+-------+-------++-------
 Fire: Hand crossbow     |    41 |   104 ||   145
Armor: Leather armour    |     3 |       ||     3
       Robe              |       |     3 ||     3
Dodge: Dodged            |     6 |    41 ||    47

Table legend: (Time is in decaauts)
 A = Elapsed time spent in this place.
 B = Non-inter-level travel time spent in this place.
 C = Inter-level travel time spent in this place.
 D = Time resting spent in this place.
 E = Time spent auto-exploring this place.
 F = Levels seen in this place.
 G = Mean time per level.
                   A        B        C        D        E       F      G
               +--------+--------+--------+--------+--------+-----+--------+
         Total |   3034 |   2976 |     58 |    322 |   2293 |   4 |  758.5 |
       Dungeon |   3034 |   2976 |     58 |    322 |   2293 |   4 |  758.5 |
               +--------+--------+--------+--------+--------+-----+--------+

Top non-repeatable levels by time:
     D:3: 1088 daAuts
     D:2: 978 daAuts
     D:1: 787 daAuts
     D:4: 180 daAuts
